 Dungeon Crawl Stone Soup version 0.27-a0-906-g0a00ce863d (webtiles) character file.

Game seed: 3499407220103166132

93 spiderkeys the Bolt Thrower (level 4, -2/27 HPs)
             Began as a Kobold Hunter on Apr 6, 2021.
             Slain by a hobgoblin
             ... wielding a +0 club
             ... led by Robin
              (8 damage)
             ... on level 3 of the Dungeon.
             The game lasted 00:02:28 (1924 turns).

spiderkeys the Bolt Thrower (Kobold Hunter)         Turns: 1924, Time: 00:02:29

Health: -2/27      AC:  7    Str:  9    XL:     4   Next: 92%
Magic:  4/4        EV: 14    Int: 12    God:
Gold:   96         SH:  0    Dex: 16    Spells: 3/3 levels left

rFire    . . .     SeeInvis .   b - +2 dagger (venom)
rCold    . . .     Faith    .   (shield restricted)
rNeg     . . .     Spirit   .   c - +0 leather armour
rPois    .         Reflect  .   (no helmet)
rElec    .         Harm     .   (no cloak)
rCorr    .         Rampage  .   (no gloves)
Will     .....                  (no boots)
Stlth    +++.......             (no amulet)
HPRegen  0.09/turn              f - +4 ring of protection
MPRegen  0.09/turn              (no ring)

@: no status effects
A: small, no large weapons, nightstalker 3
a: no special abilities


You were on level 3 of the Dungeon.
You visited 1 branch of the dungeon, and saw 3 of its levels.

You collected 96 gold pieces.

Inventory:

Hand Weapons
 a - a +1 hand crossbow
 b - a +2 dagger of venom (weapon)
Missiles
 d - 20 bolts
 h - 8 atropa-tipped darts (quivered)
Armour
 c - a +0 leather armour (worn)
Jewellery
 f - a +4 ring of protection (left hand)
Scrolls
 e - 2 scrolls of identify
 i - a scroll of fear
 k - a scroll of immolation
Potions
 g - a potion of invisibility
 j - a potion of heal wounds


   Skills:
 + Level 2.8 Fighting
 * Level 3.0 Short Blades
 - Level 5.0 Crossbows
 + Level 2.9 Dodging
 * Level 3.7 Stealth


You had 3 spell levels left.
You didn't know any spells.
Your spell library was empty.

Dungeon Overview and Level Annotations

Branches:
Dungeon (3/15)

Altars:

Annotations:
D:3 Robin


Innate Abilities, Weirdness & Mutations

You are small and have problems with some larger weapons.
You are completely attuned to the shadows.


Message History

The goblin is heavily wounded.
The goblin hits you but does no damage.
The goblin unwields a +0 hunting sling.
The goblin wields a +0 club.
The goblin closely misses you.
Robin roars a battlecry!
The goblins go into a battle-frenzy!
You hit the goblin.
You kill the goblin!
The goblin no longer looks unusually strong.
The goblin hits you with a +0 club.
You hit the goblin.
You kill the goblin!
Robin roars a battlecry!
The goblin goes into a battle-frenzy!
You hear a shout!
You hit the goblin.
The goblin is poisoned.
The goblin is moderately wounded.
Robin throws the goblin at you! The goblin barely misses you.
You kill the goblin!
Robin hits you with a +0 spear.
Items here: ( )) †.
You closely miss Robin. Robin barely misses you.
You hit Robin but do no damage.
Robin is poisoned.
Robin hits you with a +0 spear.
You hit Robin but do no damage.
Robin is lightly wounded.
Robin roars a battlecry!
The hobgoblin goes into a battle-frenzy!
You hit Robin.
Robin looks even sicker.
Robin is moderately wounded.
The hobgoblin hits you with a +0 club.
* * * LOW HITPOINT WARNING * * *
You hit Robin.
Robin looks as sick as possible!
Robin is moderately wounded.
Robin completely misses you. The hobgoblin misses you.
You completely miss Robin.
Robin is moderately wounded.
Robin hits you with a +0 spear.
* * * LOW HITPOINT WARNING * * *
The hobgoblin hits you with a +0 club!
You die...

#.........
#.........
#.......).
#.........
#....)....
######.####
......)#
#####gg#
......@#
###...).#
.....).#
#...<.#####
#.........#
#.........#
###.........#
........#####
###.....#######


You could see Robin (extremely poisoned) and a hobgoblin (strong).

Vanquished Creatures
  2 adders (D:2)
  2 worms (D:2)
  A dart slug (D:2)
  4 bats
  4 endoplasms
  12 goblins
  6 hobgoblins
  2 quokkas
  5 ball pythons
  2 frilled lizards
  4 kobolds
  24 rats
68 creatures vanquished.

Notes
Turn   | Place    | Note
-------+----------+-------------------------------------------
     0 | D:1      | spiderkeys the Kobold Hunter began the quest for the Orb.
     0 | D:1      | Reached XP level 1. HP: 12/12 MP: 1/1
   139 | D:1      | Reached XP level 2. HP: 18/18 MP: 2/2
   152 | D:1      | Reached skill level 1 in Short Blades
   543 | D:1      | Reached XP level 3. HP: 22/22 MP: 3/3
   993 | D:2      | Reached skill level 5 in Crossbows
  1133 | D:2      | Reached XP level 4. HP: 27/27 MP: 4/4
  1168 | D:2      | Found a faded altar of an unknown god.
  1806 | D:3      | Noticed Robin
  1924 | D:3      | Slain by a hobgoblin

Illustrated notes

Levels and vault maps discovered:
D:1:      dpeg_arrival_long_road, layout_basic, grunt_decor_cap, nrook_uturn
D:2:      layout_basic, basic_ecumenical_altar, minmay_rat_hole
D:3:      layout_basic, lemuel_doored_altar,
          nicolae_gozag_cash_rules_everything_around_me, serial_bayou_ford_a,
          uniq_robin

Skill      XL: |  1  2  3  4 |
---------------+-------------+-----
Short Blades   | 1 2 3 |  3.0
Stealth        | 2 3 |  3.7
Crossbows      | 5 |  5.0
Fighting       | |  2.8
Dodging        | |  2.9

Action                   |  1- 3 |  4- 6 || total
-------------------------+-------+-------++-------
Melee: Dagger            |    54 |    76 ||   130
 Fire: Hand crossbow     |     2 |       ||     2
  Use: Scroll            |       |     4 ||     4
 Stab: Sleeping          |    17 |     7 ||    24
Armor: Leather armour    |     6 |    13 ||    19
Dodge: Dodged            |    26 |    45 ||    71

Table legend: (Time is in decaauts)
 A = Elapsed time spent in this place.
 B = Non-inter-level travel time spent in this place.
 C = Inter-level travel time spent in this place.
 D = Time resting spent in this place.
 E = Time spent auto-exploring this place.
 F = Levels seen in this place.
 G = Mean time per level.
                   A        B        C        D        E       F      G
               +--------+--------+--------+--------+--------+-----+--------+
         Total |   1908 |   1893 |     15 |     45 |   1534 |   3 |  636.0 |
       Dungeon |   1908 |   1893 |     15 |     45 |   1534 |   3 |  636.0 |
               +--------+--------+--------+--------+--------+-----+--------+

Top non-repeatable levels by time:
     D:1: 986 daAuts
     D:2: 755 daAuts
     D:3: 166 daAuts
